AoeStats
← CrazyBen

Arena

505836441Analyzed
4v4 RM · 22d ago on Sep 11, 2026· 70m 1s· 8 players
Game mode
Random Map
Map size
Large (8 player)
Population
200
Speed
Normal
Resources
Standard
Victory
Conquest
Starting age
Dark Age
Ending age
Imperial Age
RankedLock teamsTeams togetherTeam positionsShared explorationLock speedFull tech treeHidden civsTurbo modeCheats
Victory
Defeat
🇨🇳 Italians · China
1707
+9
🇨🇳 Lithuanians · China
1555
+15
🇨🇳 Bohemians · China
1532
+16
🇨🇳 Poles · China
1395
+21
🇻🇳 Romans · Vietnam
1589
-18
🇩🇪 Muisca · Germany
1525
-15
🇹🇼 Slavs · Taiwan
1503
-14
🇫🇷 Japanese · France
1493
-14
儒门大吊-日食
10:55 Feudal Age
11:58 Double-Bit Axe
14:25 Castle Age
12:26 Horse Collar
22:05 Loom
31:24 Imperial Age
30:48 Wheelbarrow
30:41 Heavy Plow
31:37 Bow Saw
32:05 Padded Archer Armor
33:21 Chemistry
32:48 Gold Mining
34:05 Two-Man Saw
33:47 Leather Archer Armor
35:31 Ring Archer Armor
35:37 Gold Mining
36:05 Hand Cart
36:49 Crop Rotation
37:18 Stone Mining
38:20 Fletching
39:01 Conscription
39:19 Bombard Tower
39:20 Ballistics
40:00 Bodkin Arrow
40:44 Stone Shaft Mining
41:09 Bracer
40:51 Treadmill Crane
41:21 Masonry
43:25 Architecture
42:51 Murder Holes
45:30 Pirotechnia
46:36 Scale Barding Armor
46:41 Forging
47:53 Caravan
48:42 Chain Barding Armor
49:18 Light Cavalry
50:09 Bloodlines
49:59 Husbandry
50:33 Herbal Medicine
52:56 Fortified Wall
57:21 Elite Skirmisher
58:07 Thumb Ring
mmr
10:35 Feudal Age
14:44 Castle Age
13:00 Double-Bit Axe
13:00 Horse Collar
16:35 Bow Saw
16:59 Town Watch
20:44 Wheelbarrow
21:01 Loom
24:28 Hand Cart
28:08 Imperial Age
28:16 Chemistry
27:29 Padded Archer Armor
28:02 Heavy Plow
28:54 Leather Archer Armor
30:04 Ring Archer Armor
30:11 Conscription
31:03 Fletching
31:50 Siege Engineers
31:08 Pikeman
32:42 Halberdier
33:23 Squires
33:53 Bombard Tower
34:37 Scale Mail Armor
34:48 Forging
34:46 Bodkin Arrow
36:13 Bracer
38:30 Chain Mail Armor
38:26 Forging
40:10 Houfnice
41:44 Plate Mail Armor
43:28 Caravan
43:39 Guilds
44:12 Iron Casting
51:07 Blast Furnace
53:15 Masonry
52:46 Treadmill Crane
54:52 Architecture
54:43 Ballistics
60:32 Two-Man Saw
60:09 Coinage
61:20 Murder Holes
61:37 Fortified Wall
62:21 Scale Barding Armor
66:55 Banking
夜幕
10:16 Feudal Age
14:06 Castle Age
12:25 Double-Bit Axe
12:44 Horse Collar
16:03 Bow Saw
19:48 Heavy Plow
21:22 Wheelbarrow
23:04 Stone Mining
27:21 Imperial Age
25:12 Forging
25:08 Scale Barding Armor
24:51 Loom
24:54 Treadmill Crane
26:28 Iron Casting
26:13 Hand Cart
27:01 Bloodlines
26:56 Husbandry
27:58 Szlachta Privileges
28:17 Chain Barding Armor
27:46 Town Watch
27:38 Cavalier
28:51 Conscription
30:07 Blast Furnace
32:17 Siege Engineers
34:10 Fortified Wall
35:00 Masonry
36:37 Gold Mining
37:47 Light Cavalry
40:13 Lechitic Legacy
41:10 Fletching
42:22 Chemistry
42:47 Hoardings
42:50 Murder Holes
43:08 Bodkin Arrow
44:24 Crop Rotation
45:16 Caravan
45:15 Capped Ram
46:17 Siege Ram
46:50 Winged Hussar
48:38 Coinage
53:22 Squires
53:29 Bracer
60:26 Ballistics
63:08 Pikeman
张宇腾
10:53 Feudal Age
11:59 Double-Bit Axe
14:58 Castle Age
13:12 Horse Collar
16:02 Bow Saw
16:46 Heavy Plow
19:06 Loom
22:29 Wheelbarrow
22:46 Gold Mining
22:52 Stone Mining
24:17 Hand Cart
24:49 Stone Shaft Mining
25:42 Town Watch
29:44 Imperial Age
27:27 Scale Barding Armor
27:36 Forging
27:09 Treadmill Crane
28:29 Ballistics
28:51 Chain Barding Armor
29:42 Fletching
30:11 Bloodlines
30:02 Husbandry
31:00 Plate Barding Armor
31:01 Iron Casting
29:48 Elite Leitis
31:01 Conscription
35:18 Chemistry
34:55 Bodkin Arrow
37:12 Guilds
40:03 Masonry
40:04 Fortified Wall
43:43 Hoardings
45:49 Light Cavalry
47:38 Caravan
47:22 Winged Hussar
49:55 Architecture
49:22 Murder Holes
60:46 Two-Man Saw
60:20 Crop Rotation
64:10 Pikeman
64:51 Squires
64:36 Arson
64:53 Tower Shields
64:57 Scale Mail Armor
67:19 Halberdier
68:21 Chain Mail Armor
68:09 Bracer
69:32 Coinage
Miru
11:36 Feudal Age
16:06 Castle Age
14:28 Double-Bit Axe
14:46 Horse Collar
16:39 Wheelbarrow
17:08 Bow Saw
22:48 Loom
24:13 Heavy Plow
25:01 Gold Mining
25:03 Stone Mining
30:02 Imperial Age
27:42 Scale Barding Armor
27:48 Forging
27:45 Detinets
28:34 Husbandry
28:45 Bloodlines
29:08 Chain Barding Armor
30:10 Ballistics
29:42 Fletching
30:28 Iron Casting
31:04 Conscription
31:22 Plate Barding Armor
30:35 Elite Boyar
32:33 Blast Furnace
34:59 Capped Ram
35:51 Siege Ram
39:00 Gold Shaft Mining
39:59 Pikeman
40:40 Squires
40:41 Scale Mail Armor
41:45 Chemistry
41:27 Heavy Scorpion
46:13 Hoardings
46:02 Halberdier
47:02 Chain Mail Armor
49:33 Druzhina
53:18 Fortified Wall
54:50 Onager
56:06 Hand Cart
58:26 Caravan
61:38 Man-at-Arms
64:17 Elite Skirmisher
64:49 Fletching
64:59 Padded Archer Armor
65:11 Masonry
66:23 Bodkin Arrow
66:44 Leather Archer Armor
Đà Lạt
11:02 Feudal Age
14:52 Castle Age
13:05 Double-Bit Axe
14:47 Horse Collar
18:08 Ballistics
20:25 Loom
30:36 Wheelbarrow
37:41 Imperial Age
36:07 Bow Saw
35:48 Gold Mining
35:48 Stone Mining
36:00 Heavy Plow
36:10 Fletching
37:18 Masonry
38:05 Heavy Scorpion
43:12 Gold Shaft Mining
42:09 Capped Ram
44:02 Chemistry
44:10 Ballistas
44:26 Conscription
44:49 Guard Tower
45:05 Siege Engineers
45:59 Siege Ram
49:18 Coinage
49:35 Caravan
51:31 Guilds
51:52 Banking
58:07 Bloodlines
57:58 Husbandry
58:50 Light Cavalry
59:36 Scale Barding Armor
59:42 Forging
62:15 Chain Barding Armor
62:32 Iron Casting
64:14 Plate Barding Armor
65:56 Blast Furnace
omnomnomnivore
8:56 Loom
10:41 Feudal Age
17:50 Castle Age
15:59 Double-Bit Axe
15:55 Horse Collar
16:02 Horse Collar
17:35 Gold Mining
21:59 Forging
23:47 Iron Casting
23:12 Scale Mail Armor
25:10 Wheelbarrow
24:20 Town Watch
25:01 Devotion
25:47 Redemption
27:02 Padded Archer Armor
26:52 Fletching
28:23 Bow Saw
32:28 Imperial Age
30:47 Bodkin Arrow
31:08 Chain Mail Armor
31:54 Leather Archer Armor
32:38 Chain Mail Armor
33:14 Fervor
34:31 Block Printing
35:14 Heavy Plow
36:02 Squires
36:19 Hand Cart
35:49 Town Watch
35:43 Elite Temple Guard
37:25 Conscription
37:43 Huaracas
37:59 Conscription
38:22 Onager
41:27 Thumb Ring
42:20 Capped Ram
44:19 Two-Man Saw
43:49 Crop Rotation
43:55 Gold Shaft Mining
45:44 Siege Engineers
47:20 Plate Mail Armor
47:57 Elite Skirmisher
48:52 Stone Mining
49:14 Bracer
49:47 Ballistics
53:26 Chemistry
54:49 Capped Ram
66:20 Pikeman
CrazyBen
11:26 Feudal Age
12:18 Double-Bit Axe
12:28 Horse Collar
15:27 Castle Age
16:22 Bow Saw
16:28 Heavy Plow
19:54 Pikeman
21:44 Squires
25:04 Loom
25:54 Wheelbarrow
25:35 Stone Mining
25:44 Gold Mining
26:30 Forging
29:31 Imperial Age
27:17 Hand Cart
26:51 Gambesons
27:06 Man-at-Arms
28:21 Scale Mail Armor
28:30 Devotion
28:25 Fletching
28:27 Guard Tower
29:39 Chain Mail Armor
30:07 Halberdier
31:03 Yasama
31:50 Keep
31:13 Bodkin Arrow
32:11 Conscription
32:04 Bracer
33:10 Arrowslits
34:26 Chemistry
33:46 Ballistics
34:54 Hoardings
35:41 Plate Mail Armor
37:56 Siege Engineers
39:24 Iron Casting
40:21 Coinage
44:48 Kataparuto
55:37 Elite Samurai
59:17 Town Watch
64:39 Husbandry
67:56 Arson
Connection lost

Rejoining the realm…

Still unreachable

The connection could not be restored.

Session expired

The server has moved on; the page needs a fresh start.